 Dungeon Crawl Stone Soup version 0.31.0-12-g77e489cdc1 (webtiles) character file.

Game seed: 8582152450272000819

28 Gadfly the Trooper (level 2, -1/24 HPs)
             Began as a Demonspawn Monk on Mar 1, 2024.
             Slain by a ball python (2 damage)
             ... on level 1 of the Dungeon.
             The game lasted 00:00:45 (459 turns).

Gadfly the Trooper (Demonspawn Monk)                 Turns: 459, Time: 00:00:46

Health: -1/24      AC:  2    Str: 11    XL:     2   Next: 96%
Magic:  0/0        EV: 10    Int: 10    God:
Gold:   24         SH:  4    Dex: 15    Spells: 1/1 levels left

rFire   . . .        b - +2 dagger (antimagic)
rCold   . . .        c - orb {light}
rNeg    . . .        a - +0 robe
rPois   .            (no helmet)
rElec   .            (no cloak)
rCorr   .            (no gloves)
SInv    .            (no boots)
Will    .....        (no amulet)
Stlth   +            (no ring)
HPRegen 0.24/turn    (no ring)
MPRegen 0.07/turn

%: no passive effects
@: brilliant, glowing, constricted
A: condensation shield
a: no special abilities


You were on level 1 of the Dungeon.
You visited 1 branch of the dungeon, and saw 1 of its levels.

You collected 24 gold pieces.

Inventory:

Hand Weapons
 b - a +2 antimagic dagger (weapon)
Armour
 a - a +0 robe (worn)
 c - an orb of light (worn)
Scrolls
 d - 2 scrolls of teleportation {unknown}
 h - 2 scrolls of blinking {unknown}
Potions
 e - a potion of might {unknown}
 f - a potion of brilliance
 g - a potion of mutation {unknown}
 i - a potion of ambrosia


   Skills:
 - Level 3.0 Fighting
 + Level 2.9 Dodging
 * Level 3.0 Unarmed Combat
 * Level 1.2 Evocations
 * Level 0.9 Shapeshifting


You had one spell level left.
You didn't know any spells.
Your spell library was empty.

Dungeon Overview and Level Annotations

Branches:
Dungeon (1/15)

Altars:


Innate Abilities, Weirdness & Mutations

A meltable shield of frost defends you. (SH +4)


Message History

You hit the endoplasm.
The endoplasm is moderately wounded.
The goblin hits you with a +0 club. The endoplasm freezes you.
You are frozen.
The rat bites you.
You hit the endoplasm.
The endoplasm is heavily wounded.
The goblin hits you with a +0 club. The endoplasm freezes you.
You are frozen.
The rat bites you but does no damage. The ball python bites you.
The ball python grabs you. The ball python constricts you.
You escape the ball python's grasp.
The rat misses you.
Unknown command.
You hit the ball python.
The ball python is moderately wounded.
The goblin hits you with a +0 club.
* * * LOW HITPOINT WARNING * * *
The rat closely misses you. The ball python bites you.
* * * LOW HITPOINT WARNING * * *
The ball python grabs you. The ball python constricts you.
You escape the ball python's grasp.
The ball python attacks as it pursues you!
The ball python bites you.
* * * LOW HITPOINT WARNING * * *
The ball python grabs you. The ball python constricts you.
You escape the ball python's grasp.
The rat twitches its whiskers.
The ball python attacks as it pursues you!
The ball python barely misses you. The ball python grabs you.
The ball python constricts you.
* * * LOW HITPOINT WARNING * * *
It was a potion of brilliance.
You feel clever all of a sudden. The goblin hits you with a +0 club.
* * * LOW HITPOINT WARNING * * *
The rat bites you but does no damage.
The endoplasm jiggles.
The ball python bites you.
You die...

#.........#####.#....#..
#.........# #.........
#.........# #)†.......
#.........#####.......##
#.....................##
##.......#####.###..####
#......J..# #.# #..####
#.....rgS.# #.###...#..
#......@..# #.....#....
#.........# ####.......
#.........# #....)†#
##.......## ##.......
##.....########......÷.
####.................#
#......†.######.#÷#
#........# #.#..
#........######.##.


You could see an endoplasm, a goblin, a ball python and a rat.

Vanquished Creatures
  4 ball pythons (D:1)
  4 endoplasms (D:1)
  3 goblins (D:1)
  3 hobgoblins (D:1)
  4 jackals (D:1)
  A bat (D:1)
  A frilled lizard (D:1)
  A kobold (D:1)
  2 rats (D:1)
23 creatures vanquished.

Notes
Turn   | Place    | Note
-------+----------+-------------------------------------------
     0 | D:1      | Gadfly the Demonspawn Monk began the quest for the Orb.
     0 | D:1      | Reached XP level 1. HP: 18/18 MP: 1/1
   168 | D:1      | Gained mutation: A meltable shield of frost defends you.
                  | (SH +4) [demonic ancestry]
   168 | D:1      | Reached XP level 2. HP: 23/24 MP: 2/2
   280 | D:1      | Reached skill level 1 in Evocations
   459 | D:1      | HP: 1/24 [goblin/+0 club (2)]
   459 | D:1      | Slain by a ball python

Illustrated notes

Levels and vault maps discovered:
D:1:      minmay_arrival_four_houses, layout_rooms, basic_ecumenical_altar,
          serial_shops, nicolae_shop_drivethru, serial_park_tiny_1,
          minmay_misc_feat_more_columns

Skill      XL: |  1  2 |
---------------+-------+-----
Evocations     | 1 |  1.2
Unarmed Combat | 3 |  3.0
Fighting       | |  3.0
Dodging        | |  2.9
Shapeshifting  | |  0.9

Action                     || total
---------------------------++-------
  Melee: Unarmed           ||    55
         Dagger            ||     8
    Use: Potion            ||     1
 Armour: Robe              ||    37
  Dodge: Dodged            ||    34
